AoeStats
← -MIRO-SLAV

Arena

507941052Analyzed
3v3 RM · 13d ago on Sep 20, 2026· 49m 27s· 6 players
Game mode
Random Map
Map size
Normal (6 player)
Population
200
Speed
Normal
Resources
Standard
Victory
Conquest
Starting age
Dark Age
Ending age
Imperial Age
RankedLock teamsTeams togetherTeam positionsShared explorationLock speedFull tech treeHidden civsTurbo modeCheats
Victory
Defeat
🇹🇼 Cumans · Taiwan
962
+10
🇪🇸 Sicilians · Spain
937
+11
🇮🇳 Khmer · India
864
+15
🇳🇱 Ethiopians · Netherlands
875
-13
🇸🇰 Goths · Slovakia
853
-13
🇹🇷 Turks · Türkiye
771
-10
Sm0k1nG040
10:59 Feudal Age
14:56 Castle Age
12:55 Double-Bit Axe
15:50 Wheelbarrow
15:00 Horse Collar
16:35 Bow Saw
18:22 Gold Mining
20:27 Gold Shaft Mining
21:05 Heavy Plow
27:42 Imperial Age
26:05 Loom
26:21 Fletching
26:33 Padded Archer Armor
25:56 Crossbowman
27:50 Thumb Ring
27:48 Bodkin Arrow
28:11 Leather Archer Armor
29:24 Chemistry
28:57 Bracer
30:07 Arbalester
33:14 Ballistics
35:02 Ring Archer Armor
35:52 Caravan
36:56 Halberdier
37:37 Squires
37:42 Scale Mail Armor
37:54 Forging
39:20 Chain Mail Armor
43:37 Plate Mail Armor
43:43 Iron Casting
-MIRO-SLAV
0:28 Loom
13:37 Feudal Age
14:05 Man-at-Arms
15:18 Double-Bit Axe
18:35 Wheelbarrow
19:16 Fletching
25:52 Castle Age
28:45 Gold Mining
29:15 Hand Cart
32:21 Imperial Age
31:12 Anarchy
36:31 Bodkin Arrow
41:46 Chemistry
41:54 Pikeman
42:35 Squires
doktorji
10:44 Feudal Age
11:42 Double-Bit Axe
18:06 Castle Age
16:55 Horse Collar
21:05 Gold Mining
30:02 Imperial Age
29:48 Fletching
40:39 Heavy Plow
43:43 Stone Mining
46:27 Wheelbarrow
goofy_1412
11:51 Feudal Age
13:50 Horse Collar
14:01 Double-Bit Axe
18:28 Castle Age
16:30 Stone Mining
18:43 Gold Mining
23:38 Bow Saw
25:42 Wheelbarrow
25:38 Town Watch
27:32 Heavy Plow
30:15 Hand Cart
30:00 Town Patrol
32:22 Ballistics
34:51 Imperial Age
33:57 Gold Shaft Mining
35:45 Heavy Scorpion
39:23 Chemistry
39:20 Double Crossbow
41:50 Caravan
43:55 Capped Ram
psycomp3
10:09 Feudal Age
12:08 Double-Bit Axe
17:32 Castle Age
17:20 Wheelbarrow
17:28 Forging
17:05 Horse Collar
19:00 Scale Mail Armor
19:14 Loom
30:52 Fletching
32:24 Bodkin Arrow
33:04 Bow Saw
34:41 Heavy Plow
35:53 Iron Casting
36:05 Hand Cart
38:23 Imperial Age
35:40 Town Watch
37:23 Chain Mail Armor
39:34 First Crusade
39:38 Conscription
39:37 Masonry
41:09 Elite Serjeant
43:35 Blast Furnace
44:32 Plate Mail Armor
46:22 Capped Ram
小胖胖
11:00 Feudal Age
16:55 Castle Age
15:06 Horse Collar
15:43 Double-Bit Axe
17:20 Loom
19:51 Bow Saw
24:19 Bloodlines
27:11 Forging
27:06 Scale Barding Armor
28:23 Wheelbarrow
27:34 Town Watch
27:50 Gold Mining
28:03 Heavy Plow
29:09 Iron Casting
30:47 Chain Barding Armor
31:28 Hand Cart
34:11 Imperial Age
32:09 Town Patrol
32:05 Fletching
33:40 Steppe Husbandry
33:04 Light Cavalry
33:43 Bodkin Arrow
35:29 Conscription
35:26 Guilds
35:16 Elite Steppe Lancer
38:04 Plate Barding Armor
38:29 Blast Furnace
38:02 Hussar
42:41 Ballistics
43:21 Chemistry
42:17 Murder Holes
42:33 Masonry
41:55 Elite Skirmisher
44:51 Blast Furnace
43:52 Padded Archer Armor
47:25 Gold Shaft Mining
47:21 Crop Rotation
47:58 Two-Man Saw
47:07 Caravan
49:28 Heated Shot
49:40 Cuman Mercenaries
49:01 Elite Kipchak
50:16 Hoardings
49:11 Sappers
49:59 Leather Archer Armor
49:45 Scale Mail Armor
49:08 Cavalier
49:55 Thumb Ring
49:12 Crossbowman
Connection lost

Rejoining the realm…

Still unreachable

The connection could not be restored.

Session expired

The server has moved on; the page needs a fresh start.